 Dungeon Crawl Stone Soup version 0.29.0-7-g18a832c13a (webtiles) character file.

Game seed: 16041574213521721327

7 Doot the Magician (level 2, 0/17 HPs)
             Began as an Octopode Hedge Wizard on Sept 1, 2022.
             Slain by a hobgoblin (4 damage)
             ... on level 1 of the Dungeon.
             The game lasted 00:00:40 (300 turns).

Doot the Magician (Octopode Hedge Wizard)            Turns: 300, Time: 00:00:40

Health: 0/17       AC:  1    Str:  9    XL:     2   Next: 4%
Magic:  6/6        EV: 13    Int: 16    God:
Gold:   0          SH:  0    Dex: 11    Spells: 6/7 levels left

rFire   . . .      SeeInvis .   a - +0 dagger
rCold   . . .      Faith    .   (no shield)
rNeg    . . .      Spirit   .   b - +0 hat
rPois   .          Reflect  .   (no amulet)
rElec   .          Harm     .   (no ring)
rCorr   .          Rampage  .   (no ring)
Will    .....                   (no ring)
Stlth   +++.......              (no ring)
HPRegen 0.05/turn               (no ring)
MPRegen 0.10/turn               (no ring)
                                (no ring)
                                (no ring)

@: no status effects
A: almost no armour, amphibious, 8 rings, camouflage 1, gelatinous body 1,
(nimble swimmer 1), tentacles
a: no special abilities


You were on level 1 of the Dungeon.
You visited 1 branch of the dungeon, and saw 1 of its levels.

Inventory:

Hand Weapons
 a - a +0 dagger (weapon)
Armour
 b - a +0 hat (worn)
Potions
 c - 2 potions of magic


   Skills:
 + Level 2.2 Dodging
 + Level 2.6 Stealth
 + Level 3.2 Spellcasting
 + Level 1.0 Conjurations
 + Level 1.0 Summonings
 + Level 1.0 Translocations


You had 6 spell levels left.
You knew the following spells:

 Your Spells              Type           Power      Damage    Failure   Level
a - Magic Dart            Conj           20%        1d4       12%         1

Your spell library contained the following spells:

 Spells                   Type           Power      Damage    Failure   Level
 Slow                     Hex            8%         N/A       19%         1
 Blink                    Tloc           10%        N/A       19%         2
 Call Imp                 Summ           5%         N/A       19%         2
 Conjure Flame            Conj/Fire      4%         6-21      41%         3
 Mephitic Cloud           Conj/Pois/Air  3%         N/A       43%         3


Dungeon Overview and Level Annotations

Branches:
Dungeon (1/15)

Altars:


Innate Abilities, Weirdness & Mutations

You cannot wear most types of armour.
You are amphibious.
You can wear up to eight rings at the same time.
Your skin changes colour to match your surroundings (Stealth+).
Your rubbery body absorbs attacks. (AC +1, EV +1)
((You are camouflaged when in or above water. (Stealth+)))
You have tentacles for arms and can constrict up to eight enemies at once.


Message History

A frilled lizard and a ball python come into view.
The hobgoblin shouts!
The frilled lizard hisses angrily.
The ball python hisses angrily.
The ball python misses you. The ball python grabs you.
The ball python constricts you.
You closely miss the frilled lizard. Your grab misses the frilled lizard.
Your squeeze misses the frilled lizard. The ball python closely misses you.
The ball python constricts you. The frilled lizard misses you.
You hit the ball python. Your grab misses the ball python.
Your squeeze misses the ball python.
The ball python is moderately wounded.
The ball python closely misses you. The ball python constricts you.
The frilled lizard bites you.
You escape the ball python's grasp.
The frilled lizard attacks as you move away!
The frilled lizard barely misses you.
You hit the ball python. You grab the ball python. You squeeze the ball python.
You kill the ball python!
You have reached level 2!
The hobgoblin attacks as you move away! The hobgoblin hits you.
The frilled lizard attacks as you move away!
The frilled lizard barely misses you.
The frilled lizard attacks as you move away!
The frilled lizard bites you. The frilled lizard bites you.
* * * LOW HITPOINT WARNING * * *
The frilled lizard attacks as you move away!
The frilled lizard barely misses you.
The frilled lizard attacks as you move away!
The frilled lizard bites you.
* * * LOW HITPOINT WARNING * * *
The hobgoblin attacks as you move away! The hobgoblin barely misses you.
The hobgoblin attacks as you move away! The hobgoblin closely misses you.
There is a fountain of clear blue water here.
The frilled lizard attacks as you move away!
The frilled lizard barely misses you. The hobgoblin attacks as you move away!
The hobgoblin closely misses you.
You closely miss the hobgoblin. You grab the hobgoblin.
You constrict the hobgoblin. The hobgoblin hits you.
You die...

#...........#
#...........#
#......†....#
##.........##
#..⌠...⌠..#
#..l###...#
##..#<#...#
#lg#'#...#
#.⌠@..⌠.##
#.......#
#########


You could see a hobgoblin and 2 frilled lizards.

Vanquished Creatures
  A goblin (D:1)
  A hobgoblin (D:1)
  4 ball pythons (D:1)
  A bat (D:1)
7 creatures vanquished.

Notes
Turn   | Place    | Note
-------+----------+-------------------------------------------
     0 | D:1      | Doot the Octopode Hedge Wizard began the quest for the Orb.
     0 | D:1      | Reached XP level 1. HP: 11/11 MP: 4/4
   283 | D:1      | Reached XP level 2. HP: 11/17 MP: 6/6
   300 | D:1      | Slain by a hobgoblin

Illustrated notes

Levels and vault maps discovered:
D:1:      scummos_arrival_simple_fountains, layout_basic,
          basic_ecumenical_altar, minmay_surrounded

Action                   || total
-------------------------++-------
Melee: Dagger            ||     8
       Constrict         ||     3
       Tentacles         ||     2
 Cast: Magic Dart        ||     8
Dodge: Dodged            ||    15
